 Dungeon Crawl Stone Soup version 0.27-a0-1071-ga85bd9520d (console) character file.

Game seed: 8200503653563912756

14 nht the Digger (level 2, -3/19 HPs)
             Began as a Demonspawn Earth Elementalist on Apr 24, 2021.
             Slain by a quokka (4 damage)
             ... on level 1 of the Dungeon.
             The game lasted 00:01:30 (614 turns).

nht the Digger (Demonspawn Earth Elementalist)       Turns: 614, Time: 00:01:31

Health: -3/19      AC:  2    Str:  8    XL:     2   Next: 27%
Magic:  0/5        EV: 12    Int: 16    God:
Gold:   16         SH:  0    Dex: 13    Spells: 4/5 levels left

rFire    . . .     SeeInvis .   (no weapon)
rCold    . . .     Faith    .   (no shield)
rNeg     . . .     Spirit   .   c - +0 robe
rPois    .         Reflect  .   (no helmet)
rElec    .         Harm     .   (no cloak)
rCorr    .         Rampage  .   (no gloves)
Will     .....                  (no boots)
Stlth    ++........             (no amulet)
HPRegen  0.06/turn              (no ring)
MPRegen  0.09/turn              (no ring)

@: no status effects
A: claws 1
a: no special abilities


You were on level 1 of the Dungeon.
You visited 1 branch of the dungeon, and saw 3 of its levels.

You collected 16 gold pieces.

Inventory:

Hand Weapons
 e - a +0 club
 h - a +0 dagger
Missiles
 b - 25 stones
Armour
 c - a +0 robe (worn)
Scrolls
 a - a scroll of immolation
 d - a scroll of holy word {unknown}
Potions
 g - a potion of mutation


   Skills:
 - Level 1.7 Dodging
 - Level 1.7 Stealth
 - Level 2.0 Spellcasting
 - Level 0.8 Transmutations
 + Level 3.4 Earth Magic


You had 4 spell levels left.
You knew the following spells:

 Your Spells              Type           Power      Damage    Failure   Level
a - Sandblast             Erth           24%        2d8       4%          1

Your spell library contained the following spells:

 Spells                   Type           Power      Damage    Failure   Level
 Passwall                 Tmut/Erth      6%         N/A       13%         2
 Stone Arrow              Conj/Erth      14%        3d7       30%         3
 Petrify                  Tmut/Erth      8%         N/A       65%         4
 Lee's Rapid Deconstruct  Erth           6%         3d7*      80%         5


Dungeon Overview and Level Annotations

Branches:
Dungeon (3/15)

Altars:


Innate Abilities, Weirdness & Mutations

You have sharp fingernails.


Message History

g - a potion of mutation The quokka closely misses you.
As you read the scroll of identify, it crumbles to dust.
a - a scroll of immolation The quokka bites you.
Okay, then.
You closely miss the quokka. The quokka barely misses you.
You scratch the quokka.
The quokka is heavily wounded.
The quokka barely misses you.
You barely miss the quokka.
The quokka is moderately wounded.
The quokka closely misses you.
The blast of sand misses the quokka.
The quokka bites you. x2
You closely miss the quokka.
The quokka is moderately wounded.
The quokka bites you.
You miss the quokka.
The quokka is moderately wounded.
The quokka bites you.
You barely miss the quokka.
The quokka is moderately wounded.
The quokka closely misses you.
You closely miss the quokka.
The quokka is moderately wounded.
The quokka bites you.
* * * LOW HITPOINT WARNING * * *
You scratch the quokka.
The quokka is almost dead.
The quokka bites you.
* * * LOW HITPOINT WARNING * * *
The quokka barely misses you.
You are too injured to fight recklessly!
Casting: Sandblast (safe; 4% risk of failure)
Confirm with . or Enter, or press ? or * to list all spells.
Aiming: Sandblast (safe; 4% risk of failure)
Press: ? - help, Shift-Dir - straight line, f/p - quokka
Aim: a quokka (almost dead, 71% to hit)
The blast of sand misses the quokka.
The quokka bites you.
You die... ██....█ .. █.....█ █ ..... █ ████ .... ████

██..██ ..█ ....
██†...███)██ █.
..██......██..█
█.
........r.....█
.██████@███.█...█
█.█ █...█.█
██.█████.█.█
.█████...██ █.█ █
..........███.█
████.......██.█
█.........█.█
██.......██.█ █ █
██.....███.█ █.█


You could see a quokka.

Vanquished Creatures
  A dart slug (D:1)
  2 goblins
  A hobgoblin (D:1)
  A quokka (D:1)
  A ball python (D:1)
  3 bats (D:1)
  2 kobolds (D:1)
  2 rats
13 creatures vanquished.

Notes
Turn   | Place    | Note
-------+----------+-------------------------------------------
     0 | D:1      | nht the Demonspawn Earth Elementalist began the quest for
                  | the Orb.
     0 | D:1      | Reached XP level 1. HP: 13/13 MP: 3/3
   128 | D:2      | Reached skill level 3 in Earth Magic
   473 | D:1      | Gained mutation: You have sharp fingernails. [demonic
                  | ancestry]
   473 | D:1      | Reached XP level 2. HP: 19/19 MP: 3/5
   614 | D:1      | Slain by a quokka

Illustrated notes

Levels and vault maps discovered:
D:1:      co_arrival_square_in_a_square_in_a_square, layout_loops_ring,
          minivault_19
D:2:      layout_loops_ring, uniq_sigmund
D:3:      layout_loops_cross, lemuel_tele_altar, serial_shops, shop,
          ebering_ghost_sewer_d

Skill      XL: |  1 |
---------------+----+-----
Earth Magic    | 3 |  3.4
Dodging        | |  1.7
Stealth        | |  1.7
Spellcasting   | |  2.0
Transmutations | |  0.8

Action                   || total
-------------------------++-------
Melee: Unarmed           ||    10
       Club              ||     1
 Cast: Sandblast         ||    25
  Use: Scroll            ||     2
Armor: Robe              ||     1
Dodge: Dodged            ||    12

Table legend: (Time is in decaauts)
 A = Elapsed time spent in this place.
 B = Non-inter-level travel time spent in this place.
 C = Inter-level travel time spent in this place.
 D = Time resting spent in this place.
 E = Time spent auto-exploring this place.
 F = Levels seen in this place.
 G = Mean time per level.
                   A        B        C        D        E       F      G
               +--------+--------+--------+--------+--------+-----+--------+
         Total |    614 |    601 |     13 |     20 |    447 |   3 |  204.7 |
       Dungeon |    614 |    601 |     13 |     20 |    447 |   3 |  204.7 |
               +--------+--------+--------+--------+--------+-----+--------+

Top non-repeatable levels by time:
     D:1: 565 daAuts
     D:2: 28 daAuts
     D:3: 20 daAuts
